 Dungeon Crawl Stone Soup version 0.30-a0-23-ge60ba3568b (webtiles) character file.

Game seed: 8570665608122517376

15271 freelancePsychic the Fighter (level 12, -1/81 HPs)
             Began as a Kobold Cinder Acolyte on Aug 25, 2022.
             Was an Initiate of Wu Jian.
             Slain by a torpor snail (14 damage)
             ... on level 11 of the Dungeon.
             The game lasted 00:29:51 (16395 turns).

freelancePsychic the Fighter (KoCA)                Turns: 16395, Time: 00:29:52

Health: -1/81      AC:  7    Str: 12    XL:     12   Next: 55%
Magic:  16/25      EV: 16    Int: 20    God:    Wu Jian [......]
Gold:   737        SH: 15    Dex: 16    Spells: 15/17 levels left

rFire   . . .      SeeInvis .    j - +5 dagger (drain)
rCold   . . .      Faith    .    g - +4 kite shield {rF+}
rNeg    . . .      Spirit   .    J - +2 leather armour {rPois}
rPois   +          Reflect  .    T - +1 hat {Will+}
rElec   .          Harm     .    G - +0 cloak
rCorr   .          Rampage  .    (no gloves)
Will    +....                    (no boots)
Stlth   ++++++....               w - amulet of the acrobat
HPRegen 0.23/turn                d - +6 ring of dexterity
MPRegen 0.19/turn                x - ring of magical power

@: slowed, fire susceptible, very slow
A: small, no large weapons, nightstalker 3
a: Renounce Religion


You were on level 11 of the Dungeon.
You worshipped Wu Jian.
Wu Jian was noncommittal.
You visited 3 branches of the dungeon, and saw 13 of its levels.
You also visited: Ossuary and Bailey.

You collected 737 gold pieces.

Inventory:

Hand Weapons
 a - a -1 short sword of flaming
 j - a +5 dagger of draining (weapon)
 P - a +1 dagger of electrocution
Armour
 g - a +4 kite shield of fire resistance (worn)
 G - a +0 cloak (worn)
 J - a +2 leather armour of poison resistance (worn)
 M - +2 fire dragon scales
 T - a +1 hat of willpower (worn)
Magical Staves
 s - a staff of fire
Jewellery
 d - a +6 ring of dexterity (left hand)
 h - a +4 ring of protection
 p - a ring of positive energy
 w - an amulet of the acrobat (around neck)
 x - a ring of magical power (right hand)
 y - a ring of positive energy
 H - a ring of protection from fire
 O - a +6 ring of intelligence
 Q - a ring of resist corrosion
 R - an amulet of magic regeneration
Wands
 u - a wand of iceblast (23)
 z - a wand of polymorph (9)
 K - a wand of charming (11)
 L - a wand of digging (6)
Scrolls
 f - 2 scrolls of blinking
 q - 3 scrolls of amnesia
 D - a scroll of torment
 E - a scroll of silence
 I - 2 scrolls of teleportation {@r4}
 N - 2 scrolls of identify {@r1}
Potions
 c - a potion of lignification {unknown}
 i - a potion of curing {@q1}
 k - 2 potions of ambrosia
 l - 7 potions of mutation
 m - a potion of cancellation {unknown}
 n - 4 potions of attraction
 o - a potion of magic {unknown}
 r - 2 potions of flight
 t - a potion of invisibility {unknown}
 v - 2 potions of haste {@q3}
 B - 4 potions of brilliance
 F - a potion of heal wounds {@q2}


   Skills:
 + Level 12.0 Fighting
 - Level 10.0 Short Blades
 - Level 7.6 Dodging
 + Level 11.7 Stealth
 + Level 7.3 Shields
 - Level 3.0 Spellcasting
 - Level 6.6 Fire Magic


You had 15 spell levels left.
You knew the following spells:

 Your Spells              Type           Power      Damage    Failure   Level
b - Scorch                Fire           58%        2d7       7%          2

Your spell library contained the following spells:

 Spells                   Type           Power      Damage    Failure   Level
 Magic Dart               Conj           12%        1d3       56%         1
 Call Imp                 Summ           3%         N/A       71%         2
 Mephitic Cloud           Conj/Pois/Air  3%         N/A       91%         3


Dungeon Overview and Level Annotations

Branches:
Dungeon (11/15)            Temple (1/1) D:6            Lair (1/5) D:11
    Orc (0/2) D:9         Ossuary (visited)          Bailey (visited)

Altars:
Cheibriados
Elyvilon
Fedhas
Gozag
Kikubaaqudgha
Makhleb
Nemelex Xobeh
Okawaru
Qazlal
Ru
Sif Muna
Uskayaw
Vehumet
Wu Jian
Xom
The Shining One

Shops:
D:10 =

Annotations:
D:3 exclusion: 5 orcs, Ijyb
D:4 5 exclusions, Duvessa
D:5 2 transporters, ragingrage's ghost, novice DjHW
D:6 1 runed translucent door, AttackTheMoon's ghost, novice MiFi
D:9 Harold


Innate Abilities, Weirdness & Mutations

You are small and have problems with some larger weapons.
You are completely attuned to the shadows.


Message History

The torpor snail is lightly wounded.
The torpor snail's fire resistance burns away.
The wolf completely misses you. You block the wolf's attack.
The wolf bites you. You block the wolf's attack. The torpor snail bites you.
You block the wolf's attack. The wolf barely misses you.
Casting: Scorch (safe; 7% risk of failure)
Confirm with . or Enter, or press ? or * to list all spells.
Flames lash the torpor snail.
The torpor snail is burned terribly!
The torpor snail is lightly wounded.
You block the wolf's attack. The wolf completely misses you.
You block the wolf's attack. The wolf barely misses you.
The torpor snail bites you!
Casting: Scorch (safe; 7% risk of failure)
Confirm with . or Enter, or press ? or * to list all spells.
Flames lash the wolf.
The wolf is lightly wounded.
The wolf's fire resistance burns away.
You block the wolf's attack. x3
The wolf closely misses you. You block the wolf's attack.
The wolf bites you but does no damage. You block the torpor snail's attack.
Casting: Scorch (safe; 7% risk of failure)
Confirm with . or Enter, or press ? or * to list all spells.
Flames lash the wolf.
The wolf is lightly wounded.
The wolf's fire resistance burns away.
You block the wolf's attack. The wolf closely misses you.
You block the wolf's attack. The wolf bites you!
You block the torpor snail's attack.
Casting: Scorch (safe; 7% risk of failure)
Confirm with . or Enter, or press ? or * to list all spells.
Flames lash the torpor snail but do no damage.
The wolf is no longer more vulnerable to fire. x2
The wolf bites you.
* * * LOW HITPOINT WARNING * * *
You block the wolf's attack. The wolf bites you.
* * * LOW HITPOINT WARNING * * *
The wolf bites you.
* * * LOW HITPOINT WARNING * * *
The wolf completely misses you. The wolf bites you.
* * * LOW HITPOINT WARNING * * *
The torpor snail bites you!
You die...

#############............#
............>(....###.##.#
###########...........##.#
#....###....##.#
#.#...≈...#.##.#
##..#...#..###.#
#.##...##.# #.#
#..Ph.....# #.#
#≈.(.@.P.≈# #.#
#...Phw...# #.#
####.##.P.##.# #.#
##.##..#...#..###.# ##
##.#..#...≈...#....# .#
##.###....###.....### .#
#.##..............# .#
##.#.#.####.......# .#
##...## #########


You could see a torpor snail (combustible) and 2 wolves.

Vanquished Creatures
  A hydra (D:11)
  A two-headed ogre (Bailey)
  Pikel (D:8)
  An oklob plant (D:11)
  A deep elf pyromancer (D:9)
  A deep elf zephyrmancer (D:9)
  A cyclops (D:11)
  A manticore (D:11)
  Joseph (D:7)
  Psyche (D:8)
  An unseen horror (D:11)
  A hornet (D:9)
  Sigmund (D:4)
  3 shadows
  A vampire (D:10)
  4 wraiths
  5 spriggans (Bailey)
  13 yaks
  4 wyverns
  4 vampire mosquitoes (D:9)
  2 steam dragons
  Edmund (D:6)
  A water moccasin (D:9)
  An ice beast (D:6)
  3 orc warriors
  A sky beast (D:4)
  A swamp drake (D:9)
  3 black bears
  3 wolves
  6 ogres
  A centaur (D:9)
  A phantom (D:9)
  2 kobold brigands
  3 bullfrogs
  A gnoll sergeant (D:7)
  Blork the orc (D:4)
  A necrophage (D:6)
  3 scorpions
  13 wights
  A troll zombie (D:9)
  12 killer bees (D:9)
  An electric eel (D:8)
  A crimson imp (D:9)
  8 howler monkeys
  2 jellies
  An iron imp (D:9)
  2 gnoll boudas
  4 iguanas
  9 orc wizards
  7 ogre zombies (D:9)
  9 mummies
  22 gnolls
  8 adders
  A shadow imp (D:5)
  4 white imps
  4 ufetubi
  A worm (D:3)
  2 dart slugs
  37 orcs
  5 ball pythons
  3 endoplasms (D:1)
  3 giant cockroaches
  9 goblins
  4 hobgoblins (D:3)
  3 quokkas
  5 bats
  3 frilled lizards
  2 gnoll zombies (Ossuary)
  3 goblin skeletons (D:9)
  2 goblin zombies (D:9)
  4 hobgoblin skeletons (D:9)
  5 hobgoblin zombies
  7 kobolds
  4 kobold zombies (Ossuary)
  3 orc skeletons (D:9)
  7 orc zombies (D:9)
  4 rats
307 creatures vanquished.

Vanquished Creatures (others)
  A shadow imp (D:9)
  An orc (D:9)
  An orc skeleton (D:9)
  2 orc zombies (D:9)
  6 foxfires (D:7)
  18 plants
29 creatures vanquished.

Grand Total: 336 creatures vanquished

Notes
Turn   | Place    | Note
-------+----------+-------------------------------------------
     0 | D:1      | freelancePsychic the Kobold Cinder Acolyte began the quest
                  | for the Orb.
     0 | D:1      | Reached XP level 1. HP: 14/14 MP: 2/2
   212 | D:1      | Reached skill level 1 in Stealth
   214 | D:1      | Reached XP level 2. HP: 7/19 MP: 3/3
   918 | D:2      | Reached XP level 3. HP: 23/23 MP: 4/4
  1012 | D:2      | Learned a level 2 spell: Scorch
  1083 | D:2      | Found a sacrificial altar of Ru.
  1251 | D:2      | Identified the +0 leather armour of the Amoeba {rElec}
  1720 | D:2      | Reached XP level 4. HP: 29/29 MP: 0/5
  2193 | D:3      | Reached skill level 4 in Fighting
  2418 | D:3      | Noticed Ijyb
  2676 | D:3      | Reached XP level 5. HP: 33/33 MP: 3/7
  3034 | D:3      | Found a faded altar of an unknown god.
  3317 | D:4      | Noticed a black bear
  3544 | D:4      | Noticed Sigmund
  3546 | D:4      | Killed Sigmund
  3547 | D:4      | Reached skill level 5 in Short Blades
  3547 | D:4      | Reached XP level 6. HP: 39/39 MP: 7/10
  3604 | D:4      | Noticed Blork the orc
  3658 | D:4      | Noticed a sky beast
  3662 | D:4      | Killed a sky beast
  3663 | D:4      | Reached XP level 7. HP: 44/44 MP: 11/11
  3779 | D:4      | Killed Blork the orc
  3782 | D:4      | Reached skill level 1 in Dodging
  3925 | D:4      | Reached skill level 5 in Fighting
  3999 | D:4      | Noticed Duvessa
  4155 | D:5      | Entered Level 5 of the Dungeon
  4155 | D:5      | Found a transporter.
  4904 | D:5      | Found a transporter.
  4927 | D:5      | Reached XP level 8. HP: 49/49 MP: 12/12
  5110 | D:5      | Reached skill level 5 in Fire Magic
  5158 | D:5      | Found a hide-covered altar of Uskayaw.
  5167 | D:5      | Found an ancient bone altar of Kikubaaqudgha.
  5235 | D:5      | Noticed ragingrage's ghost (novice DjHW)
  5389 | D:5      | Noticed Edmund
  5475 | D:6      | Found a runed translucent door.
  5683 | D:6      | Found a shimmering altar of Xom.
  5683 | D:6      | Noticed AttackTheMoon's ghost (novice MiFi)
  5684 | D:6      | Noticed a +1 short sword of chaos
  5776 | D:6      | Reached skill level 6 in Fighting
  6019 | D:6      | Found a staircase to the Ecumenical Temple.
  6115 | D:6      | Killed Edmund
  6386 | D:6      | Reached XP level 9. HP: 56/56 MP: 5/13
  6648 | D:7      | Reached skill level 5 in Dodging
  6954 | D:7      | Noticed Joseph
  6981 | D:7      | Identified a scroll of acquirement
  6981 | D:7      | Acquired a +2 kite shield of fire resistance
  7229 | D:7      | Killed Joseph
  7230 | D:7      | Reached skill level 7 in Fighting
  7692 | D:8      | Noticed Psyche
  7709 | D:8      | Identified the +9 dagger "Nuod" {spect, rC- rN++ Str+4}
  7746 | D:8      | Reached skill level 1 in Shields
  7813 | D:8      | Found a sand-covered staircase.
  7820 | Ossuary  | Entered an ossuary
  8274 | D:8      | Reached XP level 10. HP: 62/64 MP: 14/14
  8409 | D:8      | Reached skill level 8 in Fighting
  8749 | D:8      | Reached skill level 10 in Short Blades
  9153 | D:8      | Killed Psyche
  9201 | D:8      | Noticed Pikel
  9368 | D:8      | Killed Pikel
  9369 | D:8      | Reached skill level 9 in Fighting
  9369 | D:8      | Reached skill level 5 in Stealth
  9465 | D:8      | Found a transporter.
  9847 | D:9      | Reached XP level 11. HP: 70/71 MP: 12/15
 10024 | D:9      | Noticed a deep elf pyromancer
 10334 | D:9      | Noticed a deep elf zephyrmancer
 10349 | D:9      | Killed a deep elf zephyrmancer
 10350 | D:9      | Reached skill level 5 in Shields
 10780 | D:9      | Killed a deep elf pyromancer
 10781 | D:9      | Reached skill level 10 in Fighting
 11845 | D:9      | Noticed Harold
 11900 | D:10     | Entered Level 10 of the Dungeon
 11932 | D:10     | Found a flagged portal.
 11997 | Bailey   | Entered a bailey
 12076 | Bailey   | Noticed a two-headed ogre
 12087 | Bailey   | Killed a two-headed ogre
 12640 | D:10     | Reached skill level 11 in Fighting
 12784 | D:10     | Reached skill level 10 in Stealth
 12784 | D:10     | Reached XP level 12. HP: 80/80 MP: 16/16
 12870 | D:10     | Found Vuiloax's Jewellery Emporium.
 12988 | D:10     | Found a sacrificial altar of Ru.
 13349 | D:10     | Identified the +8 spear "Sarcophage" {vorpal, Dex+8}
 13545 | D:11     | Noticed a five-headed hydra
 13728 | D:11     | Found a burning altar of Makhleb.
 14434 | D:11     | Killed a five-headed hydra
 14793 | D:11     | Found a staircase to the Lair.
 15525 | D:9      | Found a staircase to the Orcish Mines.
 15818 | D:9      | Found a snail-covered altar of Cheibriados.
 16162 | Temple   | Entered the Ecumenical Temple
 16232 | Temple   | Fell from the grace of Ignis
 16232 | Temple   | Became a worshipper of the Wu Jian Council
 16368 | Lair:1   | Entered Level 1 of the Lair of Beasts
 16370 | Lair:1   | Reached skill level 12 in Fighting
 16395 | D:11     | Slain by a torpor snail

Illustrated notes

Levels and vault maps discovered:
D:1:      sevenhm_arrival_forest_fort_small_3, layout_basic, minmay_pentomino_x2
D:2:      layout_basic, basic_altar
D:3:      layout_basic, basic_ecumenical_altar, chequers_big_river, uniq_ijyb
D:4:      layout_basic, uniq_duvessa, uniq_sigmund, uniq_blork_the_orc
D:5:      layout_loops_ring, amethyst_overflow_temple_binary,
          gammafunk_ghost_stat_death, hangedman_decor_clover_reticule,
          uniq_edmund
D:6:      layout_rooms, minmay_temple_entry_statues, ebering_ghost_xom,
          chequers_serial_rivers_small_3
D:7:      layout_gridville, uniq_joseph
D:8:      layout_basic, gup_ossuary_entry_pyramid, kennysheep_cross_bottleneck,
          grunt_ministairs_7, nicolae_diode_basic, uniq_pikel, uniq_psyche
D:9:      layout_basic, mainiacjoe_overflow_concentric_impassable,
          zombieorc2_lemuel, hangedman_minor_magic, uniq_harold
D:10:     layout_roguey, amcnicky_altar_gilded, lightli_bailey_entry_fortress,
          minmay_shop_enchanted_jewellery
D:11:     layout_loops_ring, dpeg_oklobed_lair, bloody_makhleb
Temple:   regret_index_temple_chain_breaker
Lair:1:   layout_long_grid, uniq_amaemon

Skill      XL: |  1  2  3  4  5  6  7  8  9 10 11 12 |
---------------+-------------------------------------+-----
Stealth        | 1 2 3 6 10 11 | 11.7
Fighting       | 4 5 6 7 9 11 12 | 12.0
Short Blades   | 5 6 7 9 10 | 10.0
Spellcasting   | 2 3 |  3.0
Fire Magic     | 4 5 6 |  6.6
Dodging        | 2 4 6 7 |  7.6
Shields        | 1 4 6 7 |  7.3

Action                   |  1- 3 |  4- 6 |  7- 9 | 10-12 || total
-------------------------+-------+-------+-------+-------++-------
Melee: Short sword       |    11 |       |       |       ||    11
       Dagger            |    28 |    34 |   155 |   593 ||   810
       Punch             |       |       |     4 |       ||     4
 Cast: Scorch            |     4 |     9 |   125 |   213 ||   351
Invok: Fiery Armour      |     1 |       |     4 |     3 ||     8
       Rising Flame      |       |       |     1 |       ||     1
       Foxfire Swarm     |       |       |     1 |       ||     1
Evoke: Wand              |       |       |     3 |     6 ||     9
  Use: Scroll            |       |     8 |    18 |    10 ||    36
       Potion            |       |       |     8 |     3 ||    11
 Stab: Sleeping          |    11 |    15 |     7 |    25 ||    58
       Distracted        |       |       |       |     5 ||     5
Armor: Robe              |     6 |     4 |    20 |    21 ||    51
       Leather armour    |       |       |       |    51 ||    51
Dodge: Dodged            |    19 |    25 |   133 |   313 ||   490
Block: Kite shield       |       |       |     6 |   394 ||   400

Table legend: (Time is in decaauts)
 A = Elapsed time spent in this place.
 B = Non-inter-level travel time spent in this place.
 C = Inter-level travel time spent in this place.
 D = Time resting spent in this place.
 E = Time spent auto-exploring this place.
 F = Levels seen in this place.
 G = Mean time per level.
                   A        B        C        D        E       F      G
               +--------+--------+--------+--------+--------+-----+--------+
         Total |  16202 |  15390 |    812 |   1560 |  10959 |  15 | 1080.1 |
       Dungeon |  15295 |  14500 |    795 |   1560 |  10315 |  11 | 1390.5 |
        Temple |     85 |     70 |     15 |      0 |     58 |   1 |   85.0 |
          Lair |     12 |     12 |      0 |      0 |      0 |   1 |   12.0 |
       Ossuary |    341 |    341 |      0 |      0 |    251 |   1 |  341.0 |
        Bailey |    467 |    467 |      0 |      0 |    334 |   1 |  467.0 |
               +--------+--------+--------+--------+--------+-----+--------+

Top non-repeatable levels by time:
     D:9: 2231 daAuts
     D:8: 2143 daAuts
    D:11: 1921 daAuts
     D:6: 1379 daAuts
     D:5: 1292 daAuts
    D:10: 1278 daAuts
     D:3: 1186 daAuts
     D:1: 1135 daAuts
     D:4: 1089 daAuts
     D:2: 977 daAuts
     D:7: 660 daAuts
  Bailey: 467 daAuts
 Ossuary: 341 daAuts
  Temple: 85 daAuts
  Lair:1: 12 daAuts
